 Dungeon Crawl Stone Soup version 0.31.0-4-g52a2dc7128 (webtiles) character file.

Game seed: 3670398540649180466

720 Skitler the Cudgeller (level 7, -3/44 HPs)
             Began as a Gargoyle Fighter on Jan 23, 2024.
             Was an Initiate of Gozag.
             Incinerated by a smoke demon (4 damage)
             ... with a pyre arrow
             ... on level 4 of the Dungeon.
             The game lasted 00:12:42 (3270 turns).

Skitler the Cudgeller (Gargoyle Fighter)            Turns: 3270, Time: 00:12:43

Health: -3/44      AC: 13    Str: 22    XL:     7   Next: 70%
Magic:  9/9        EV:  9    Int:  8    God:    Gozag
Gold:   173        SH:  4    Dex:  9    Spells: 6/6 levels left

rFire   + . .        i - +1 whip (venom)
rCold   . . .        c - +0 buckler
rNeg    + . .        b - +0 scale mail
rPois   ∞            (no helmet)
rElec   +            (no cloak)
rCorr   +            (no gloves)
SInv    .            q - +0 pair of boots
Will    .....        y - amulet of regeneration Stlth
                     v - ring of protection from fire
HPRegen 1.07/turn    z - ring of resist corrosion
MPRegen 0.11/turn

%: no passive effects
@: mighty, on fire, gold aura, glowing
A: sickness immunity, AC +4, negative energy resistance 1, electricity
resistance, torment resistance 1, petrification resistance
a: Renounce Religion, Potion Petition, Call Merchant, Bribe Branch


You were on level 4 of the Dungeon.
You worshipped Gozag.
Gozag was aware of your devotion.
You visited 2 branches of the dungeon, and saw 6 of its levels.

You collected 243 gold pieces.
You paid 70 gold pieces to Gozag.

Inventory:

Hand Weapons
 a - a +0 flail
 i - a +1 whip of venom (weapon)
Armour
 b - a +0 scale mail (worn)
 c - a +0 buckler (worn)
 q - a +0 pair of boots (worn)
Jewellery
 v - a ring of protection from fire (left hand)
 y - an amulet of regeneration (around neck)
 z - a ring of resist corrosion (right hand)
Wands
 p - a wand of flame (19)
 r - a wand of paralysis (14)
 A - a wand of iceblast (6)
Scrolls
 e - 2 scrolls of fog {unknown}
 g - 4 scrolls of enchant armour {unknown}
 k - 4 scrolls of vulnerability {unknown}
 l - 3 scrolls of identify {unknown}
 m - a scroll of fear {unknown}
 n - a scroll of noise {unknown}
 s - 3 scrolls of teleportation {unknown}
 t - a scroll of poison {unknown}
Potions
 f - a potion of magic {unknown}
 h - 4 potions of curing {unknown}
 j - a potion of brilliance {unknown}
 o - a potion of attraction {unknown}
 u - 2 potions of heal wounds {unknown}
 w - a potion of resistance {unknown}
 x - a potion of haste {unknown}


   Skills:
 + Level 4.8 Fighting
 + Level 6.0 Maces & Flails
 - Level 3.8 Armour
 * Level 4.9 Shields
 * Level 3.2 Invocations


You had 6 spell levels left.
You didn't know any spells.
Your spell library contained the following spells:

 Spells                   Type           Power      Damage    Failure   Level
 Foxfire                  Conj/Fire      0%         2x1d4     80%         1
 Magic Dart               Conj           0%         1d3       80%         1
 Blink                    Tloc           0%         N/A       90%         2
 Call Imp                 Summ           0%         N/A       90%         2
 Searing Ray              Conj           0%         2d4       90%         2
 Fulminant Prism          Conj/Alch      0%         3d5       100%        4
 Passage of Golubria      Tloc           0%         N/A       100%        4
 Silence                  Hex/Air        0%         N/A       100%        5
 Plasma Beam              Fire/Air       0%         2x1d10    100%        6
 Starburst                Conj/Fire      0%         6d3       100%        6
 Lehudib's Crystal Spear  Conj/Erth      0%         10d2      100%        8


Dungeon Overview and Level Annotations

Branches:
Dungeon (5/15)             Temple (1/1) D:4

Altars:
Ashenzari
Cheibriados
Dithmenos
Elyvilon
Fedhas
Gozag
Kikubaaqudgha
Makhleb
Nemelex Xobeh
Okawaru
Qazlal
Ru
Sif Muna
Uskayaw
Vehumet
Wu Jian
Xom
Yredelemnul
Zin
The Shining One

Shops:
D:1 [   D:4 !


Innate Abilities, Weirdness & Mutations

You are immune to sickness and miasma.
Your stone body is resilient. (AC +4)
You are immune to poison.
You resist negative energy. (rN+)
You are resistant to electric shocks. (rElec)
You are resistant to unholy torment.
You are immune to petrification.


Message History

You hit the smoke demon.
The smoke demon is lightly wounded.
You hit the smoke demon.
The smoke demon is lightly wounded.
The smoke demon gestures at you. The ball of steam hits you. You resist.
The smoke demon gestures at you. The ball of steam hits you. You resist.
You barely miss the smoke demon.
The smoke demon is lightly wounded.
The smoke demon gestures at you. The pyre arrow hits you.
You are covered in intense liquid fire!
You hit the smoke demon but do no damage.
The smoke demon is lightly wounded.
The liquid fire burns you! The smoke demon barely misses you.
The smoke demon hits you. x2
You shake off some of the fire as you move.
The liquid fire burns you!
You hit the smoke demon.
The smoke demon is lightly wounded.
The liquid fire burns you!
* * * LOW HITPOINT WARNING * * *
The smoke demon hits you.
* * * LOW HITPOINT WARNING * * *
The smoke demon completely misses you. The smoke demon hits you.
* * * LOW HITPOINT WARNING * * *
You feel very mighty all of a sudden. The liquid fire burns you!
* * * LOW HITPOINT WARNING * * *
The smoke demon barely misses you. The smoke demon hits you.
* * * LOW HITPOINT WARNING * * *
The smoke demon hits you.
* * * LOW HITPOINT WARNING * * *
Okay, then.
You whack the smoke demon!
The smoke demon is heavily wounded.
The liquid fire burns you!
You die...
Your body crumbles into a pile of gold.

#..............####..>##...#
#.###....#####...##.#......#
#.# #....#####...##.#......#
#.# ####.........##.#....###
#.# #.#######....#......# #.#
#.#######.##...###... #.#
#..............##≈≈..
##.############........##≈≈..
#...........@3.>#......#≈§§≈.
##########.......###...#§≈§.≈
#........##...##≈§§≈
####......#...######≈.≈
#.§..............# ##.#
#.....###.....#######'#
#.....# #......# #8...
#.....######...# #....
###............# #..>.


You could see a smoke demon.

Vanquished Creatures
  2 black bears (D:4)
  An ogre (D:4)
  A phantom (D:4)
  A scorpion (D:4)
  A howler monkey (D:4)
  A bombardier beetle (D:4)
  3 hounds
  A sleepcap (D:4)
  An orc wizard (D:4)
  An adder (D:2)
  5 ribbon worms
  4 dart slugs
  4 orcs (D:4)
  8 ball pythons
  10 bats
  9 endoplasms
  5 giant cockroaches
  8 hobgoblins
  4 jackals (D:2)
  5 kobolds
  A quokka (D:5)
  4 frilled lizards
  4 goblins
  3 rats
87 creatures vanquished.

Notes
Turn   | Place    | Note
-------+----------+-------------------------------------------
     0 | D:1      | Skitler the Gargoyle Fighter began the quest for the Orb.
     0 | D:1      | Reached XP level 1. HP: 14/14 MP: 1/1
   148 | D:1      | Found Hirchoe's Armour Shop.
   198 | D:1      | Reached XP level 2. HP: 19/19 MP: 2/2
   695 | D:2      | Reached XP level 3. HP: 24/24 MP: 3/3
   787 | D:1      | Reached skill level 3 in Maces & Flails
   862 | D:2      | Found a burning altar of Makhleb.
   927 | D:2      | Became a worshipper of Makhleb the Destroyer
   983 | D:2      | Reached XP level 4. HP: 29/29 MP: 4/4
  1453 | D:3      | Reached skill level 1 in Invocations
  1478 | D:3      | Found a hide-covered altar of Uskayaw.
  1589 | D:3      | Reached XP level 5. HP: 33/33 MP: 5/5
  1718 | D:3      | Reached * piety under Makhleb
  1918 | D:3      | Found a faded altar of an unknown god.
  2068 | D:4      | Noticed a black bear
  2068 | D:4      | Found Coxziuz's Distillery.
  2077 | D:4      | Killed a black bear
  2078 | D:4      | Reached skill level 4 in Maces & Flails
  2092 | D:4      | Reached XP level 6. HP: 12/38 MP: 7/7
  2439 | D:4      | Noticed a black bear
  2451 | D:4      | Killed a black bear
  2452 | D:4      | Reached skill level 5 in Maces & Flails
  2452 | D:4      | Reached XP level 7. HP: 24/44 MP: 8/8
  2735 | D:4      | Reached skill level 6 in Maces & Flails
  3058 | D:4      | Found a staircase to the Ecumenical Temple.
  3064 | Temple   | Entered the Ecumenical Temple
  3203 | Temple   | Fell from the grace of Makhleb
  3203 | Temple   | Became a worshipper of Gozag Ym Sagoz the Greedy
  3248 | D:5      | Entered Level 5 of the Dungeon
  3258 | D:5      | Noticed a smoke demon
  3269 | D:4      | HP: 2/44 [burnt (3)]
  3270 | D:4      | Incinerated by a smoke demon

Illustrated notes

Levels and vault maps discovered:
D:1:      dpeg_arrival_tiny_d, layout_loops_cross, serial_shops,
          nicolae_shop_statue_plus, hangedman_decor_points, minivault_24,
          nicolae_figureground_pulse
D:2:      layout_rooms, basic_altar
D:3:      layout_rooms, lemuel_crystal_altar, chequers_ecumenical_altar_grove
D:4:      layout_basic, minmay_temple_entry_fiery, serial_shops,
          nicolae_shop_industrial_runoff, minmay_bent
D:5:      layout_basic, uniq_menkaure
Temple:   compressed_dpeg_triangle_lava_temple

Skill      XL: |  1  2  3  4  5  6  7 |
---------------+----------------------+-----
Maces & Flails | 3 4 5 6 |  6.0
Invocations    | 1 2 3 |  3.2
Fighting       | 4 |  4.8
Shields        | 4 |  4.9
Armour         | |  3.8

Action                     |  1- 3 |  4- 6 |  7- 9 || total
---------------------------+-------+-------+-------++-------
  Melee: Flail             |    57 |       |       ||    57
         Whip              |    35 |   148 |    57 ||   240
    Use: Potion            |       |     1 |     1 ||     2
 Armour: Scale mail        |   112 |   103 |    38 ||   253
  Dodge: Dodged            |    60 |    60 |    20 ||   140
  Block: Buckler           |    24 |    20 |     5 ||    49
